 Dungeon Crawl Stone Soup version 0.29-a0-19-gef7f3e67aa (webtiles) character file.

Game seed: 8721316041921729120

2548 Grim the Grappler (level 9, -7/80 HPs)
             Began as a Troll Berserker on Jan 29, 2022.
             Was an Elder of Trog.
             Mangled by an orc warrior (10 damage)
             ... on level 7 of the Dungeon.
             The game lasted 00:08:19 (5283 turns).

Grim the Grappler (Troll Berserker)                 Turns: 5283, Time: 00:08:19

Health: -7/80      AC:  7    Str: 27    XL:     9   Next: 30%
Magic:  8/8        EV: 10    Int:  7    God:    Trog [****..]
Gold:   344        SH:  0    Dex: 11    Spells: 8/8 levels left

rFire   . . .      SeeInvis .     - Unarmed
rCold   + . .      Faith    .   (no shield)
rNeg    . . .      Spirit   .   a - +0 animal skin
rPois   .          Reflect  .   (helmet restricted)
rElec   .          Harm     .   y - +2 cloak of Gozag's Delight {Rampage rC+ Dex+2}
rCorr   .          Rampage  +   (gloves unavailable)
Will    .....                   (boots unavailable)
Stlth   +.........              (no amulet)
HPRegen 1.03/turn               (no ring)
MPRegen 0.11/turn               (no ring)

@: on berserk cooldown, slowed, very slow
A: large, unfitting armour, claws 3, regeneration 1, shaggy fur 1, tough skin 1
a: Renounce Religion, Berserk, Trog's Hand, Brothers in Arms


You were on level 7 of the Dungeon.
You worshipped Trog.
Trog was greatly pleased with you.
You visited 1 branch of the dungeon, and saw 7 of its levels.
You also visited: Sewer.

You collected 344 gold pieces.

Inventory:

Missiles
 c - 238 stones (quivered)
 i - 2 atropa-tipped darts
 k - 8 boomerangs
 n - 28 poisoned darts
 u - 2 javelins
Armour
 a - a +0 animal skin (worn)
 g - the +2 cloak of Pleasant Breezes {Dex+4}
   (You found it on level 1 of the Dungeon)

   Dex:       It affects your dexterity (+4).
 y - the +2 cloak of Gozag's Delight (worn) {Rampage rC+ Dex+2}
   (You found it on level 5 of the Dungeon)

   Dex:       It affects your dexterity (+2).
   rC:        It protects you from cold.
   Rampage:   It bestows one free step when moving towards enemies.
Jewellery
 r - an amulet of magic regeneration
Wands
 C - a wand of charming (12)
 F - a wand of polymorph (7)
Scrolls
 b - 2 scrolls of identify {unknown}
 d - 3 scrolls of teleportation {unknown}
 e - 2 scrolls of enchant weapon {unknown}
 h - 5 scrolls of magic mapping {unknown}
 p - 3 scrolls of blinking {unknown}
 s - 3 scrolls of enchant armour {unknown}
 x - a scroll of acquirement {unknown}
 z - a scroll of torment {unknown}
 A - a scroll of vulnerability {unknown}
 B - 3 scrolls of fear {unknown}
Potions
 f - a potion of brilliance {unknown}
 j - 2 potions of curing {unknown}
 l - 3 potions of haste {unknown}
 m - 3 potions of cancellation {unknown}
 o - a potion of magic {unknown}
 q - a potion of flight {unknown}
 t - 2 potions of heal wounds {unknown}
 v - a potion of might {unknown}
 w - a potion of resistance {unknown}
 D - a potion of degeneration {unknown}
 E - a potion of mutation {unknown}
 G - a potion of attraction {unknown}
 H - a potion of lignification {unknown}


   Skills:
 - Level 2.4 Fighting
 - Level 2.4 Dodging
 + Level 12.9 Unarmed Combat


You had 8 spell levels left.
You didn't know any spells.
Your spell library was empty.

Dungeon Overview and Level Annotations

Branches:
Dungeon (7/15)             Temple (0/1) D:5           Sewer (visited)

Altars:
Ashenzari
Wu Jian
Xom
Zin

Shops:
D:1 (   D:4 *   D:7 *


Innate Abilities, Weirdness & Mutations

You are too large for most types of armour.
You have claws for hands.
Your natural rate of healing is unusually fast.
You are covered in fur. (AC +1)
You have tough skin. (AC +1)


Message History

The orc warrior hits you with a +0 flail.
You completely miss the orc warrior. Your claw misses the orc warrior.
The orc warrior is heavily wounded.
The orc warrior hits you with a +0 flail!
You barely miss the orc warrior.
The orc warrior is heavily wounded.
The orc warrior hits you with a +0 flail.
The orc warrior hits you with a +0 flail!
Something hits you but does no damage.
You closely miss the orc warrior. Your claw misses the orc warrior.
The orc warrior is heavily wounded.
The orc warrior barely misses you. Something hits you.
* * * LOW HITPOINT WARNING * * *
You scratch the orc warrior.
The orc warrior is severely wounded.
The orc warrior hits you with a +0 flail.
* * * LOW HITPOINT WARNING * * *
Something hits you but does no damage.
You claw something!
The orc warrior hits you with a +0 flail!!
* * * LOW HITPOINT WARNING * * *
Something hits you.
* * * LOW HITPOINT WARNING * * *
You claw something! Trog accepts your kill.
Trog appreciates your killing of a magic user.
Reactivating autopickup.
You feel a bit more experienced.
The orc warrior hits you with a +0 flail!
* * * LOW HITPOINT WARNING * * *
You scratch the orc warrior but do no damage.
The orc warrior is severely wounded.
The orc warrior misses you.
You scratch the orc warrior but do no damage.
Your claw misses the orc warrior.
The orc warrior is severely wounded.
The orc warrior hits you with a +0 flail!
* * * LOW HITPOINT WARNING * * *
The orc warrior hits you with a +0 flail!
You die...

.≈# ≈P. PP###
#P#.### ..... .o.
.... #o##...# #
#@##...##...
#)##......._
#.##...##...
#)##...#..#
#.####.##.....##.
#......).........
#.#######..#####
#..# #..#


You could see an orc warrior and an orc.

Vanquished Creatures
  Pikel (D:7)
  Grinder (D:4)
  Edmund (D:6)
  A water moccasin (D:6)
  A black bear (D:6)
  4 ogres
  A lemure (D:7)
  6 kobold brigands (Sewer)
  A gnoll sergeant (D:6)
  A water moccasin skeleton (D:5)
  2 centaur zombies
  A bullfrog zombie (D:3)
  Crazy Yiuf (D:5)
  A gnoll shaman (D:4)
  An orc priest (D:5)
  A centaur skeleton (D:4)
  An iguana (D:4)
  An orc wizard (D:7)
  A howler monkey zombie (D:6)
  10 gnolls
  8 river rats
  15 adders
  An ufetubus (D:4)
  6 worms
  2 dart slugs
  9 orcs
  15 endoplasms
  2 giant cockroaches (D:4)
  5 hobgoblins
  3 jackals (D:3)
  5 quokkas
  9 ball pythons
  7 bats
  3 frilled lizards
  8 goblins
  9 kobolds
  13 rats
158 creatures vanquished.

Vanquished Creatures (others)
  11 plants
11 creatures vanquished.

Grand Total: 169 creatures vanquished

Notes
Turn   | Place    | Note
-------+----------+-------------------------------------------
     0 | D:1      | Grim the Troll Berserker began the quest for the Orb.
     0 | D:1      | Reached XP level 1. HP: 22/22 MP: 0/0
   161 | D:1      | Reached XP level 2. HP: 29/29 MP: 1/1
   362 | D:1      | Found a faded altar of an unknown god.
   373 | D:1      | Identified the +2 cloak of Pleasant Breezes {Dex+4}
   410 | D:1      | Found Manwen's Weapon Boutique.
   718 | D:2      | Reached skill level 4 in Unarmed Combat
   782 | D:2      | Reached ** piety under Trog
   802 | D:2      | Reached XP level 3. HP: 31/36 MP: 2/2
  1470 | D:3      | Reached XP level 4. HP: 44/44 MP: 3/3
  1499 | D:3      | Reached skill level 5 in Unarmed Combat
  1664 | D:3      | Reached XP level 5. HP: 36/50 MP: 4/4
  1670 | D:3      | Found a glowing drain.
  1676 | Sewer    | Entered a sewer
  1701 | Sewer    | Reached skill level 6 in Unarmed Combat
  1725 | Sewer    | Reached skill level 7 in Unarmed Combat
  1725 | Sewer    | Reached XP level 6. HP: 24/59 MP: 5/5
  2023 | Sewer    | Reached *** piety under Trog
  2071 | Sewer    | Reached skill level 8 in Unarmed Combat
  2102 | Sewer    | Reached XP level 7. HP: 62/66 MP: 6/6
  2753 | D:4      | Reached skill level 9 in Unarmed Combat
  2842 | D:4      | Found Esotis's Overcharged Wands.
  2931 | D:4      | Reached **** piety under Trog
  2993 | D:4      | Noticed Grinder
  3006 | D:4      | Killed Grinder
  3007 | D:4      | Reached skill level 10 in Unarmed Combat
  3007 | D:4      | Reached XP level 8. HP: 53/74 MP: 7/7
  3442 | D:5      | Entered Level 5 of the Dungeon
  3613 | D:5      | Found a glowing silver altar of Zin.
  3613 | D:5      | Noticed an angel
  3616 | D:5      | Found a shimmering altar of Xom.
  3645 | D:5      | Found a staircase to the Ecumenical Temple.
  3828 | D:5      | Identified the +2 cloak of Gozag's Delight {Rampage rC+
                  | Dex+2}
  4215 | D:5      | Found a runed translucent door.
  4216 | D:5      | Noticed Crazy Yiuf
  4221 | D:5      | Killed Crazy Yiuf
  4308 | D:6      | Reached skill level 11 in Unarmed Combat
  4734 | D:6      | Found a broken altar of Ashenzari.
  4747 | D:6      | Noticed Edmund
  4755 | D:6      | Killed Edmund
  4756 | D:6      | Reached skill level 12 in Unarmed Combat
  4756 | D:6      | Reached XP level 9. HP: 46/80 MP: 8/8
  5072 | D:7      | Found Xiyjaud's General Store.
  5258 | D:7      | Found an ornate altar of the Wu Jian Council.
  5259 | D:7      | Noticed Pikel
  5265 | D:7      | Killed Pikel
  5283 | D:7      | HP: 3/80 [orc warrior (14)]
  5283 | D:7      | Mangled by an orc warrior

Illustrated notes

Levels and vault maps discovered:
D:1:      wheals_arrival_shading, layout_basic, serial_shops,
          nicolae_lakefront_shop, hellmonk_ecumenical_altar_lost_god,
          dk_noncrumbling_4, minmay_misc_feat_cross
D:2:      layout_loops_ring
D:3:      layout_loops_cross, lightli_sewer_entry_pipes
D:4:      layout_basic, nicolae_shop_overcharged_wands, uniq_grinder
D:5:      layout_loops_ring, grunt_temple_overflow_order_and_chaos_1,
          minmay_temple_entry_proselytizer, uniq_crazy_yiuf_cottage
D:6:      layout_cave_pools, general_overflow_altar, serial_park,
          serial_park_paths [serial_park_minivault_5x5_1], serial_park_square1
          [serial_park_minivault_5x5_5], serial_park_tiny_1, uniq_edmund
D:7:      layout_loops_ring, nicolae_elyvilon_temple_path,
          mainiacjoe_overflow_small_starburst, minitemple, serial_shops,
          nicolae_stop_n_shop_1, uniq_menkaure, uniq_pikel

Skill      XL: |  1  2  3  4  5  6  7  8 |
---------------+-------------------------+-----
Unarmed Combat | 4 5 7 8 10 12 | 12.9
Fighting       | |  2.4
Dodging        | |  2.4

Action                   |  1- 3 |  4- 6 |  7- 9 || total
-------------------------+-------+-------+-------++-------
Melee: Unarmed           |   120 |    99 |   190 ||   409
       Punch             |     1 |     4 |     7 ||    12
Invok: Berserk           |       |       |     4 ||     4
 Stab: Sleeping          |     3 |       |     2 ||     5
Armor: Animal skin       |    47 |    28 |    49 ||   124
Dodge: Dodged            |    52 |    43 |    71 ||   166

Table legend: (Time is in decaauts)
 A = Elapsed time spent in this place.
 B = Non-inter-level travel time spent in this place.
 C = Inter-level travel time spent in this place.
 D = Time resting spent in this place.
 E = Time spent auto-exploring this place.
 F = Levels seen in this place.
 G = Mean time per level.
                   A        B        C        D        E       F      G
               +--------+--------+--------+--------+--------+-----+--------+
         Total |   5440 |   5284 |    156 |    282 |   3795 |   8 |  680.0 |
       Dungeon |   4686 |   4530 |    156 |    246 |   3306 |   7 |  669.4 |
         Sewer |    753 |    753 |      0 |     36 |    489 |   1 |  753.0 |
               +--------+--------+--------+--------+--------+-----+--------+

Top non-repeatable levels by time:
     D:5: 822 daAuts
     D:3: 815 daAuts
     D:6: 777 daAuts
   Sewer: 753 daAuts
     D:4: 719 daAuts
     D:1: 702 daAuts
     D:2: 616 daAuts
     D:7: 233 daAuts
